 Dungeon Crawl Stone Soup version 0.20.0-15-g7f486f2 (webtiles) character file.

263 pyth0n the Conjurer (level 5, -4/28 HPs)
             Began as a Deep Elf Conjurer on June 13, 2017.
             Killed from afar by an orc wizard (5 damage)
             ... with a puff of flame
             ... on level 3 of the Dungeon.
             The game lasted 00:12:32 (3006 turns).

pyth0n the Conjurer (Deep Elf Conjurer)             Turns: 3006, Time: 00:12:35

Health: -4/28      AC:  2    Str:  5    XL:     5   Next: 98%
Magic:  1/15       EV: 13    Int: 21    God:
Gold:   202        SH:  0    Dex: 15    Spells: 8/16 levels left

rFire    + . .     SeeInvis .   q - +0 dagger (chaos)
rCold    + . .     Gourm    .   (no shield)
rNeg     . . .     Faith    .   a - +0 robe
rPois    +         Spirit   .   (no helmet)
rElec    +         Reflect  .   (no cloak)
rCorr    +         Harm     .   (no gloves)
MR       .....                  (no boots)
Stlth    ++........             (no amulet)
Regen    0.1/turn               (no ring)
MPRegen  0.2/turn               (no ring)

@: lethally poisoned (-4 -> -7), about to teleport, resistant, very slightly
contaminated
A: rugged brown scales 1, deformed body, poison resistance
a: no special abilities


You were on level 3 of the Dungeon.
You were not hungry.

You visited 1 branch of the dungeon, and saw 3 of its levels.

You collected 202 gold pieces.

Inventory:

Hand Weapons
 g - a +0 dagger
 q - a +0 dagger of chaos (weapon)
Armour
 a - a +0 robe (worn)
Scrolls
 d - a scroll of teleportation
 e - 2 scrolls of remove curse
 f - a scroll of amnesia {unknown}
 h - a scroll of fog {unknown}
 i - 2 scrolls of magic mapping {unknown}
 j - 6 scrolls of identify {unknown}
 n - a scroll of immolation {unknown}
 p - a scroll of enchant armour {unknown}
Potions
 m - a potion of mutation
 o - 2 potions of resistance
Books
 b - a book of Conjurations

   Spells                             Type                      Level
   a - Magic Dart                     Conjuration                  1
   b - Searing Ray                    Conjuration                  2
   c - Dazzling Spray                 Conjuration/Hexes            3
   d - Fulminant Prism                Conjuration/Hexes            4
   e - Force Lance                    Conjuration/Translocation    4
   f - Iskenderun's Mystic Blast      Conjuration                  4
Comestibles
 c - a bread ration
 k - a royal jelly
 l - 2 meat rations


   Skills:
 - Level 2.4 Dodging
 - Level 2.4 Stealth
 + Level 6.2 Spellcasting
 + Level 6.4 Conjurations


You had 8 spell levels left.
You knew the following spells:

 Your Spells              Type           Power        Failure   Level  Hunger
a - Magic Dart            Conj           ####         1%          1    None
b - Force Lance           Conj/Tloc      ###.....     26%         4    ###....
c - Dazzling Spray        Conj/Hex       ###...       8%          3    #......


Dungeon Overview and Level Annotations

Branches:
Dungeon (3/15)

Altars:
Hepliaklqana
Xom


Innate Abilities, Weirdness & Mutations

You are partially covered in rugged brown scales. (AC +1, +3% HP)
Armour fits poorly on your strangely shaped body.
Your system is resistant to poisons. (rPois)


Message History

It was a potion of resistance.
You feel protected. The bat hits you but does no damage.
As you read the scroll labeled WUINEU UZETT, it crumbles to dust.
You feel blessed for a moment.
It was a scroll of remove curse.
* * * LOW HITPOINT WARNING * * *
You feel sick.
The orc is no longer blind.
The bat barely misses you.
As you read the scroll labeled YFYESE ULINISM, it crumbles to dust.
You feel strangely unstable.
It was a scroll of teleportation.
The bat hits you but does no damage. The orc misses you.
The orc wizard mumbles some strange words.
The orc wizard flickers and vanishes!
Deactivating autopickup; reactivate with Ctrl-A.
The adder bites you.
* * * LOW HITPOINT WARNING * * *
The bat closely misses you.
You hear some strange, mumbled words.
A puff of flame appears from out of thin air!
The puff of flame hits you! You resist.
You die...

#...)
......#
#.#.#
#.....#
#.#.#
#.....#
#...#
#.....#
#####
#.....# ##+#
.
#.....#.....
#
#.b{.......
#.@o.#
#.)S.#
#....#
####).. ##..
.... ... ...


You could see an adder, an orc and a bat.

Vanquished Creatures
  The ghost of pyth0n the Conjurer, an amateur DECj (D:3)
  A howler monkey (D:3)
  An orc wizard (D:3)
  4 gnolls
  3 adders
  An ooze (D:1)
  A leopard gecko (D:2)
  5 orcs (D:3)
  A ball python (D:3)
  3 giant cockroaches
  6 goblins
  3 hobgoblins
  3 jackals (D:1)
  5 kobolds
  3 quokkas
  5 bats
  5 frilled lizards
  6 rats
57 creatures vanquished.

Notes
Turn   | Place    | Note
-------+----------+-------------------------------------------
     0 | D:1      | pyth0n the Deep Elf Conjurer began the quest for the Orb.
     0 | D:1      | Reached XP level 1. HP: 10/10 MP: 6/6
   161 | D:1      | Reached XP level 2. HP: 15/15 MP: 4/8
   900 | D:1      | Reached skill level 5 in Conjurations
   900 | D:1      | Reached XP level 3. HP: 6/19 MP: 3/10
  1637 | D:2      | Reached XP level 4. HP: 8/24 MP: 7/12
  2201 | D:2      | Found a faded altar of an unknown god.
  2280 | D:2      | Found a hazy altar of Hepliaklqana.
  2389 | D:3      | Reached skill level 5 in Spellcasting
  2395 | D:3      | Noticed pyth0n's ghost (amateur DECj)
  2401 | D:3      | Killed pyth0n's ghost
  2401 | D:3      | Reached XP level 5. HP: 20/28 MP: 1/15
  2509 | D:3      | Learned a level 4 spell: Force Lance
  2651 | D:3      | Learned a level 3 spell: Dazzling Spray
  2978 | D:3      | Found a shimmering altar of Xom.
  3002 | D:3      | Gained mutation: You are partially covered in rugged brown scales. (AC +1, +3% HP) [potion of mutation]
  3002 | D:3      | Gained mutation: Armour fits poorly on your strangely shaped body. [potion of mutation]
  3002 | D:3      | Gained mutation: Your system is resistant to poisons. (rPois) [potion of mutation]
  3006 | D:3      | HP: 1/28 [adder (1)]
  3006 | D:3      | Killed from afar by an orc wizard

Skill      XL: |  1  2  3  4  5 |
---------------+----------------+-----
Conjurations   | 5 6 |  6.4
Spellcasting   | 4 5 6 |  6.2
Dodging        | |  2.4
Stealth        | |  2.4

Action                   |  1- 3 |  4- 6 || total
-------------------------+-------+-------++-------
Melee: Dagger            |       |     3 ||     3
 Cast: Magic Dart        |    67 |    59 ||   126
       Dazzling Spray    |       |     3 ||     3
       Force Lance       |       |     1 ||     1
  Use: Potion            |     2 |     2 ||     4
       Scroll            |       |     2 ||     2
 Stab: Invisible         |       |     1 ||     1
  Eat: Chunk             |     1 |     3 ||     4
       Royal jelly       |       |     1 ||     1
Armor: Robe              |     7 |     8 ||    15
Dodge: Dodged            |    41 |    22 ||    63
